 Dungeon Crawl Stone Soup version 0.26.1-11-gd32895ea62 (webtiles) character file.

Game seed: 5527885332583424387

5018 ABBCCCDDDD the Fighter (level 10, -19/83 HPs)
             Began as a Mummy Necromancer on July 24, 2021.
             Was a Priest of Okawaru.
             Demolished by a boulder beetle (37 damage)
             ... on level 8 of the Dungeon on July 25, 2021.
             The game lasted 00:31:00 (11820 turns).

ABBCCCDDDD the Fighter (Mummy Necromancer)         Turns: 11820, Time: 00:31:01

Health: -19/83     AC: 11    Str: 14    XL:     10   Next: 30%
Magic:  16/16      EV: 13    Int: 14    God:    Okawaru [***...]
Gold:   460        SH: 11    Dex: 14    Spells: 13/17 levels left

rFire    x . .     SeeInvis .   a - +3 falchion (venom)
rCold    + . .     Faith    .   m - +0 kite shield
rNeg     + + +     Spirit   .   k - +3 ring mail
rPois    ∞         Reflect  .   c - +1 helmet
rElec    .         Harm     .   h - scarf {+Inv}
rCorr    .         Rampage  .   s - +0 pair of gloves
Will     +....                  (no boots)
Stlth    +.........             (no amulet)
HPRegen  0.23/turn              g - +4 ring of evasion
MPRegen  0.15/turn              i - ring of wizardry

@: no status effects
A: no potions, fire vulnerability, cold resistance 1, negative energy resistance
3, torment resistance, unbreathing
a: Renounce Religion, Evoke Invisibility, Heroism


You were on level 8 of the Dungeon.
You worshipped Okawaru.
Okawaru was most pleased with you.
You visited 1 branch of the dungeon, and saw 8 of its levels.
You also visited: Ossuary.

You collected 460 gold pieces.

Inventory:

Hand Weapons
 a - a +3 falchion of venom (weapon)
 r - a +0 halberd of flaming
Missiles
 b - 250 stones
 u - a throwing net
 v - 28 poisoned darts (quivered)
Armour
 c - a +1 helmet (worn)
 h - a scarf of invisibility (worn)
 k - a +3 ring mail (worn)
 m - a +0 kite shield (worn)
 o - a +0 plate armour
 p - a scarf of harm
 s - a +0 pair of gloves (worn)
 t - a +0 chain mail of cold resistance
Jewellery
 g - a +4 ring of evasion (left hand)
 i - a ring of wizardry (right hand)
 n - an uncursed ring of protection from fire
 q - an uncursed amulet of magic regeneration
Wands
 j - a wand of flame (19)
Scrolls
 d - 6 scrolls of enchant armour
 e - a scroll of magic mapping
 f - 3 scrolls of remove curse
 l - a scroll of amnesia
 x - a scroll of enchant weapon
 y - 2 scrolls of identify
Miscellaneous
 z - a phantom mirror (inert)


   Skills:
 + Level 9.1 Fighting
 - Level 1.2 Maces & Flails
 - Level 1.5 Dodging
 - Level 1.5 Stealth
 * Level 8.7 Shields
 - Level 4.0 Spellcasting
 - Level 6.4 Necromancy
 - Level 2.0 Invocations


You had 13 spell levels left.
You knew the following spells:

 Your Spells              Type           Power        Failure   Level
a - Pain                  Necr           80%          2%          1
b - Vampiric Draining     Necr           10%          9%          3

Your spell library contained the following spells:

 Spells                   Type           Power        Failure   Level
 Animate Skeleton         Necr           40%          2%          1
 Corpse Rot               Necr/Air       N/A          16%         2
 Animate Dead             Necr           10%          26%         4
 Agony                    Necr           20%          56%         5
 Call Canine Familiar     Summ           2%           69%         3
 Death Channel            Necr           10%          98%         6
 Summon Hydra             Summ           1%           100%        7


Dungeon Overview and Level Annotations

Branches:
Dungeon (8/15)             Temple (0/1) D:6            Lair (0/6) D:8
Ossuary (visited)

Altars:
Dithmenos
Fedhas
Hepliaklqana
Nemelex Xobeh
Okawaru
Uskayaw
Vehumet
Xom
Yredelemnul

Annotations:
D:3 exclusion: downstairs
D:7 Gastronok


Innate Abilities, Weirdness & Mutations

You do not drink.
Your flesh is vulnerable to fire.
You are immune to poison.
Your flesh is cold resistant. (rC+)
You are immune to negative energy. (rN+++)
You are immune to unholy pain and torment.
You can survive without breathing.


Message History

Confirm with . or Enter, or press ? or * to list all spells.
Okay, then.
Unknown command.
Okay, then.
Unknown command.
Okay, then.
The boulder beetle curls into a ball and begins rolling!
The cyclops barely misses you.
You riposte.
You hit the cyclops but do no damage.
The cyclops is poisoned.
The cyclops is moderately wounded.
You block the cyclops's attack.
You hit the cyclops but do no damage.
The cyclops is moderately wounded.
The cyclops completely misses you.
You riposte.
You hit the cyclops but do no damage.
The cyclops looks as sick as possible!
The cyclops is moderately wounded.
You slash the cyclops!
The cyclops looks as sick as possible!
The cyclops is heavily wounded.
The boulder beetle hits you!!!
You die...

♣.).#♣.♣ ♣.♣ #♣.♣.♣# #.###
♣♣♣♣#♣.♣ ♣§♣ #.♣.♣.# #.# .♣ ♣.♣
♣§♣ #♣.♣.♣###.# ♣♣ ♣♣♣.♣
♣§♣♣♣♣♣♣.♣♣#...# .♣♣♣.(.♣
♣§♣........#.#.# ♣...♣♣.♣
♣§♣.♣♣♣♣.♣♣#.#.# ♣♣♣.#♣.♣
♣§♣.♣#♣.♣.♣#.#.###
....#♣.♣.♣♣♣♣♣♣♣C♣.♣#.♣.♣.#.#....
.♣♣♣#♣.♣)°B..○§B@♣.♣#♣.♣.♣#.#####
♣.♣♣ ♣.♣♣♣♣♣♣♣♣♣♣♣.♣#.♣.♣.#...#..
♣♣.♣ ♣.............♣#♣[♣.♣#.#....
♣.♣♣ ♣♣♣♣♣♣♣.♣♣♣♣♣♣♣#.♣.♣.#.#....
♣.♣## ### #.# ### ##♣.♣##.##...
♣♣♣.#♣♣.♣♣♣#.#♣♣♣.♣♣#.♣.♣.#......
♣♣♣.#♣.♣.♣#.#.#♣.♣.♣#..♣..####..#
♣.♣.#.♣♣♣..#8#..♣♣♣.#.....#.....#
♣.♣.#♣.♣.♣#.#.#♣.♣.♣#..♣..####.##


You could see a boulder beetle and a cyclops (extremely poisoned).

Vanquished Creatures
  A manticore (D:8)
  A vampire mosquito (D:8)
  Edmund (D:4)
  4 orc warriors (D:8)
  4 ice beasts
  4 phantoms
  3 black bears
  6 ogres
  A lemure (D:4)
  3 centaurs
  A big kobold (D:8)
  5 bullfrogs
  3 scorpions
  4 howler monkeys
  3 bullfrog zombies
  A centaur zombie (Ossuary)
  A human zombie (Ossuary)
  4 hounds
  3 jellies
  A gnoll shaman (D:6)
  3 orc wizards
  A centaur skeleton (D:5)
  3 orc priests
  A bullfrog skeleton (D:7)
  Ijyb (D:4)
  Natasha (thrice) (D:3)
  7 worker ants
  2 iguanas
  A big kobold zombie (Ossuary)
  4 mummies (Ossuary)
  A hound skeleton (D:5)
  3 hound zombies
  Robin (D:4)
  A worker ant zombie (D:8)
  11 gnolls
  8 adders
  A shadow imp (D:5)
  2 white imps
  3 ufetubi
  An adder skeleton (D:7)
  An adder zombie (D:6)
  6 worms
  3 dart slugs
  5 leopard geckos
  15 orcs
  12 bats
  5 giant cockroaches
  A gnoll zombie (Ossuary)
  18 goblins
  11 hobgoblins
  26 jackals
  3 quokkas
  2 ball pythons
  A ball python skeleton (D:4)
  4 frilled lizards
  A giant cockroach zombie (D:5)
  2 goblin zombies (Ossuary)
  A hobgoblin zombie (Ossuary)
  7 kobolds
  A leopard gecko skeleton (D:5)
  An orc zombie (Ossuary)
  A quokka skeleton (D:7)
  10 rats
249 creatures vanquished.

Notes
Turn   | Place    | Note
-------+----------+-------------------------------------------
     0 | D:1      | ABBCCCDDDD the Mummy Necromancer began the quest for the
                  | Orb.
     0 | D:1      | Reached XP level 1. HP: 13/13 MP: 4/4
   498 | D:1      | Reached XP level 2. HP: 20/20 MP: 3/6
   695 | D:1      | Reached skill level 1 in Fighting
  1351 | D:1      | Reached XP level 3. HP: 25/26 MP: 1/7
  1962 | D:2      | Learned a level 3 spell: Vampiric Draining
  2782 | D:2      | Reached skill level 2 in Fighting
  2782 | D:2      | Reached XP level 4. HP: 33/33 MP: 5/9
  3315 | D:2      | Found a radiant altar of Vehumet.
  3470 | D:2      | Found a blossoming altar of Fedhas.
  3472 | D:2      | Found a hazy altar of Hepliaklqana.
  3859 | D:3      | Reached skill level 3 in Fighting
  3859 | D:3      | Reached skill level 5 in Necromancy
  3859 | D:3      | Reached XP level 5. HP: 34/41 MP: 11/11
  4039 | D:3      | Noticed Natasha
  4062 | D:3      | Killed Natasha
  4085 | D:3      | Noticed Natasha
  4092 | D:3      | Killed Natasha
  4555 | D:3      | Noticed Natasha
  4566 | D:3      | Killed Natasha
  4567 | D:3      | Reached skill level 4 in Fighting
  4726 | D:2      | Found a sparkling altar of Nemelex Xobeh.
  4838 | D:4      | Reached XP level 6. HP: 49/49 MP: 7/12
  4926 | D:4      | Reached skill level 5 in Fighting
  5072 | D:4      | Noticed Ijyb
  5082 | D:4      | Killed Ijyb
  5242 | D:4      | Noticed Edmund
  5489 | D:4      | Noticed Robin
  5498 | D:4      | Killed Robin
  5501 | D:4      | Reached XP level 7. HP: 43/57 MP: 9/13
  5612 | D:4      | Killed Edmund
  5613 | D:4      | Reached skill level 6 in Fighting
  5838 | D:4      | Noticed a +0 hand axe
  5839 | D:4      | Noticed a +0 dagger
  5840 | D:4      | Found a hide-covered altar of Uskayaw.
  5883 | D:4      | Reached skill level 1 in Shields
  6413 | D:5      | Entered Level 5 of the Dungeon
  7143 | D:5      | Reached skill level 1 in Maces & Flails
  7169 | D:5      | Reached XP level 8. HP: 64/64 MP: 14/14
  7735 | D:6      | Found a basalt altar of Yredelemnul.
  7751 | D:6      | Found an iron altar of Okawaru.
  7769 | D:6      | Became a worshipper of Warmaster Okawaru
  7846 | D:6      | Reached skill level 7 in Fighting
  7948 | D:6      | Reached skill level 1 in Invocations
  7981 | D:6      | Found a staircase to the Ecumenical Temple.
  8151 | D:6      | Found a shadowy altar of Dithmenos.
  8293 | D:7      | Reached * piety under Okawaru
  8445 | D:7      | Reached XP level 9. HP: 66/74 MP: 15/15
  8447 | D:7      | Reached skill level 8 in Fighting
  8468 | D:7      | Reached skill level 5 in Shields
  8592 | D:7      | Found a sand-covered staircase.
  8612 | Ossuary  | Entered an ossuary
  9332 | D:7      | Found a shimmering altar of Xom.
  9495 | D:7      | Reached ** piety under Okawaru
  9507 | D:7      | Identified Vuamou Huto's Compendium of Darkness and Calling
  9728 | D:8      | Noticed Gastronok
 10317 | D:8      | Found a staircase to the Lair.
 10849 | D:8      | Reached XP level 10. HP: 79/82 MP: 16/16
 10906 | D:8      | Reached *** piety under Okawaru
 11370 | D:8      | Reached skill level 9 in Fighting
 11387 | D:8      | Noticed a cyclops
 11785 | D:8      | Noticed a manticore
 11796 | D:8      | Killed a manticore
 11814 | D:8      | Noticed a boulder beetle
 11820 | D:8      | Demolished by a boulder beetle

Illustrated notes

Levels and vault maps discovered:
D:1:      amcnicky_arrival_double_pillar, layout_loops_corners,
          hangedman_decor_riveting, minmay_misc_feat_tower
D:2:      layout_basic, nicolae_overflow_hidden_temple, serial_co_window_serial,
          co_window_corner_a, co_window_cross_1, co_window_paths_a,
          co_window_paths_b, co_window_corner_a, co_window_paths_c,
          co_window_corner_b, co_window_broadway_a, uniq_crazy_yiuf_cottage
D:3:      layout_rooms, minmay_crystal_water, uniq_natasha
D:4:      kennysheep_the_goblin_king, layout_basic, dancing_weapons_uskayaw,
          led_sif_pool, lemuel_another_geyser, uniq_robin, uniq_pikel,
          uniq_edmund
D:5:      layout_basic
D:6:      layout_loops_ring, general_overflow_altar, okawaru_gym_becter,
          yredelemnul_altar_generic, minmay_temple_entry_stoned_glass
D:7:      layout_gridville, tgw_xom, nicolae_ossuary_entry_ruins,
          minmay_misc_feat_encased
D:8:      nzn_winding_woodlands_large [nzn_winding_woodlands_hourglass,
          nzn_winding_woodlands_5x15_split_checker,
          nzn_winding_woodlands_5x5_cross,
          nzn_winding_woodlands_center_diamonds,
          nzn_winding_woodlands_15x15_boxy_spiral,
          nzn_winding_woodlands_center_lodge, nzn_winding_woodlands_5x5_three,
          nzn_winding_woodlands_5x15_jagged,
          nzn_winding_woodlands_5x5_perimeter], layout_loops_ring,
          uniq_gastronok

Skill      XL: |  1  2  3  4  5  6  7  8  9 10 |
---------------+-------------------------------+-----
Spellcasting   | 3 4 |  4.0
Fighting       | 1 2 3 4 5 6 7 8 9 |  9.1
Necromancy     | 5 6 |  6.4
Shields        | 2 4 7 8 |  8.7
Maces & Flails | 1 |  1.2
Invocations    | 2 |  2.0
Dodging        | |  1.5
Stealth        | |  1.5

Action                   |  1- 3 |  4- 6 |  7- 9 | 10-12 || total
-------------------------+-------+-------+-------+-------++-------
Melee: Club              |    11 |       |       |       ||    11
       Mace              |     8 |    62 |   150 |       ||   220
       Dire flail        |       |       |   234 |       ||   234
       Falchion          |       |       |   103 |    99 ||   202
Throw: Throwing net      |       |     1 |       |       ||     1
       Dart              |       |       |     4 |       ||     4
 Cast: Pain              |   114 |   140 |    43 |       ||   297
       Vampiric Draining |       |       |       |     1 ||     1
Evoke: Wand              |       |     7 |     3 |       ||    10
       Phantom mirror    |       |       |       |     1 ||     1
  Use: Scroll            |     3 |     5 |     6 |     1 ||    15
 Stab: Sleeping          |       |       |     1 |       ||     1
Armor: Robe              |    12 |     4 |       |       ||    16
       Ring mail         |       |    41 |   189 |    32 ||   262
Dodge: Dodged            |    35 |   106 |   378 |    50 ||   569
Block: Kite shield       |       |       |    49 |    59 ||   108
       Rpst.: Falchion   |       |       |    20 |    12 ||    32
